 Dungeon Crawl Stone Soup version 0.26-a0-597-gb535b0901c (webtiles) character file.

Game seed: 5003887724160415663

421 Apogee the Magician (level 6, -3/32 HPs)
             Began as a Deep Elf Hedge Wizard on Sept 15, 2020.
             Was a Follower of Ashenzari.
             Slain by Grinder (11 damage)
             ... on level 4 of the Dungeon.
             The game lasted 00:10:19 (4113 turns).

Apogee the Magician (Deep Elf Hedge Wizard)         Turns: 4113, Time: 00:10:20

Health: -3/32      AC:  5    Str: 13    XL:     6   Next: 62%
Magic:  7/18       EV: 13    Int: 21    God:    Ashenzari [*.....]
Gold:   250        SH:  0    Dex: 14    Spells: 12/20 levels left

rFire    . . .     SeeInvis .   a - +0 dagger
rCold    . . .     Faith    .   (no shield)
rNeg     . . .     Spirit   .   b - +0 robe
rPois    .         Reflect  .   c - +0 hat
rElec    .         Harm     .   t - +0 cloak
rCorr    .                      l - +0 pair of gloves
MR       .....                  o - +0 pair of boots
Stlth    ++........             (no amulet)
HPRegen  0.10/turn              h - +6 ring of strength
MPRegen  0.16/turn              (no ring)

@: very slightly contaminated
A: no striking features
a: Curse Item, Scrying, Renounce Religion


You were on level 4 of the Dungeon.
You worshipped Ashenzari.
Ashenzari was aware of your devotion.
You visited 1 branch of the dungeon, and saw 5 of its levels.

You collected 250 gold pieces.

Inventory:

Hand Weapons
 a - a +0 dagger (weapon)
Missiles
 w - 41 stones (quivered)
 B - 6 javelins
Armour
 b - a +0 robe (worn)
 c - a +0 hat (worn)
 l - a +0 pair of gloves (worn)
   (You found it on level 2 of the Dungeon)
 o - a +0 pair of boots (worn)
   (You found it on level 2 of the Dungeon)
 r - a +2 kite shield
   (You found it on level 3 of the Dungeon)
 t - a +0 cloak (worn)
   (You found it on level 3 of the Dungeon)
Jewellery
 h - a +6 ring of strength (left hand)
   (You found it on level 1 of the Dungeon)
 z - an uncursed ring of ice
   (You found it on level 4 of the Dungeon)
Scrolls
 d - 2 scrolls of fear {unknown}
 e - a scroll of blinking {unknown}
 f - 7 scrolls of identify {unknown}
 g - a scroll of fog {unknown}
 i - 2 scrolls of teleportation {unknown}
 m - 2 scrolls of magic mapping {unknown}
 q - 2 scrolls of remove curse {@r2}
 x - a scroll of enchant armour {unknown}
 y - a scroll of random uselessness {unknown}
Potions
 j - 2 potions of cancellation {unknown}
 k - 2 potions of stabbing {unknown}
 n - 3 potions of haste {unknown}
 p - 3 potions of flight {unknown}
 s - 3 potions of degeneration {unknown}
 u - 4 potions of curing {unknown}
 v - a potion of might {unknown}
 A - a potion of brilliance {unknown}


   Skills:
 - Level 2.4 Dodging
 - Level 2.4 Stealth
 + Level 7.8 Spellcasting
 + Level 5.3 Conjurations
 - Level 1.1 Summonings
 - Level 1.1 Translocations


You had 12 spell levels left.
You knew the following spells:

 Your Spells              Type           Power        Failure   Level
a - Magic Dart            Conj           ####         1%          1
b - Blink                 Tloc           N/A          8%          2
f - Mephitic Cloud        Conj/Pois/Air  ###.....     12%         3
x - Call Imp              Summ           ##......     8%          2

Your spell library contained the following spells:

 Spells                   Type           Power        Failure   Level
 Conjure Flame            Conj/Fire      ###.....     9%          3
 Slow                     Hex            #.......     12%         2


Dungeon Overview and Level Annotations

Branches:
Dungeon (5/15)             Temple (0/1) D:4

Altars:
Ashenzari
Fedhas
The Shining One

Annotations:
D:4 Grinder
D:5 Sigmund


Message History

The centaur shouts!
The centaur skeleton hits you but does no damage.
A necrophage comes into view.
The orc is engulfed in noxious fumes.
The orc appears confused.
The centaur skeleton barely misses you. The adder skeleton misses you.
The centaur skeleton closely misses you.
Sigmund misses you.
The adder skeleton completely misses you.
Your white imp hits the centaur skeleton.
Your white imp freezes the centaur skeleton.
The centaur skeleton completely resists.
You climb upwards.
Your summoned ally is left behind.
There is a stone staircase leading down here.
There is an escape hatch in the floor here.
You see here an uncursed ring mail.
There is a stone staircase leading down here.
You climb downwards.
Level annotation: Sigmund An orc and Grinder come into view.
The orc is wielding a +1 dagger of speed.
Grinder shouts!
The orc shouts!
You hear a shout!
Grinder hits you!
Found 15 gold pieces.
There is a stone staircase leading up, spattered with blood here.
You miscast Call Imp.
You are very lightly contaminated with residual magic.
Nothing appears to happen.
Grinder closely misses you.
An orc wizard comes into view. It is wielding a +2 dagger of venom.
You miscast Call Imp.
Nothing appears to happen.
Grinder closely misses you.
A beastly little devil appears in a puff of flame.
Grinder hits you but does no damage.
The orc wizard mumbles some strange words.
The orc wizard seems to speed up.
The orc completely misses you.
The orc hits you with a +1 dagger of speed.
Grinder gestures at you. You resist with some effort.
You climb upwards.
Your summoned ally is left behind.
There is a stone staircase leading down here.
A shadowy apparition takes form in the air.
The orc barely misses you. Grinder hits you.
* * * LOW HITPOINT WARNING * * *
You writhe in agony.
* * * LOW HITPOINT WARNING * * *
You blink.
The orc hits you with a +1 dagger of speed.
* * * LOW HITPOINT WARNING * * *
Grinder blinks!
You blink.
Grinder hits you!
You die...

######## #......#
#......# #......#
#.[...[#
###########......######
...........<.....5o[5ยง#
###########.....@####.#
#......# #.# #......# #.#
###########......## #.###
..................###...#
#################..##.#.#
########.##.#.#
#.........#.#.#
#.#####.#.#.#.#


You could see Grinder, an orc and a friendly shadow imp (summoned).

Vanquished Creatures
  Edmund (D:4)
  2 orc wizards
  Natasha (thrice) (D:3)
  A worker ant (D:4)
  2 gnolls (D:4)
  5 adders
  A worm (D:3)
  3 leopard geckos
  8 orcs
  5 bats
  2 giant cockroaches (D:2)
  6 goblins
  4 hobgoblins
  3 jackals (D:3)
  A quokka (D:2)
  2 frilled lizards
  5 kobolds
  A leopard gecko skeleton (D:4)
  4 rats
59 creatures vanquished.

Vanquished Creatures (collateral kills)
  An orc wizard (D:3)
  A worker ant (D:4)
  5 gnolls
  A worm (D:2)
  2 orcs (D:3)
  A hobgoblin (D:2)
  A kobold (D:2)
12 creatures vanquished.

Grand Total: 71 creatures vanquished

Notes
Turn   | Place    | Note
-------+----------+-------------------------------------------
     0 | D:1      | Apogee the Deep Elf Hedge Wizard began the quest for the
                  | Orb.
     0 | D:1      | Reached XP level 1. HP: 10/10 MP: 7/7
   223 | D:1      | Reached XP level 2. HP: 15/15 MP: 7/9
   248 | D:1      | Learned a level 2 spell: Blink
   251 | D:1      | Learned a level 2 spell: Call Imp
   260 | D:1      | Found a shattered altar of Ashenzari.
   290 | D:1      | Became a worshipper of Ashenzari the Shackled
   550 | D:2      | Reached skill level 5 in Spellcasting
   650 | D:2      | Found a blossoming altar of Fedhas.
   650 | D:2      | Found a shattered altar of Ashenzari.
   762 | D:2      | Reached XP level 3. HP: 19/19 MP: 3/11
  1489 | D:3      | Noticed Natasha
  1494 | D:3      | Killed Natasha
  1494 | D:3      | Reached XP level 4. HP: 20/24 MP: 6/13
  1588 | D:3      | Reached skill level 6 in Spellcasting
  1976 | D:3      | Noticed Natasha
  1983 | D:3      | Killed Natasha
  1983 | D:3      | Reached XP level 5. HP: 28/28 MP: 7/15
  2252 | D:3      | Reached * piety under Ashenzari
  2322 | D:3      | Found a glowing golden altar of the Shining One.
  2394 | D:3      | Noticed Natasha
  2401 | D:3      | Killed Natasha
  2891 | D:4      | Reached skill level 7 in Spellcasting
  3037 | D:4      | Reached XP level 6. HP: 32/32 MP: 12/18
  3259 | D:4      | Noticed Edmund
  3299 | D:4      | Killed Edmund
  3299 | D:4      | Reached skill level 5 in Conjurations
  3661 | D:4      | Found a staircase to the Ecumenical Temple.
  4050 | D:5      | Entered Level 5 of the Dungeon
  4050 | D:5      | Noticed Sigmund
  4057 | D:4      | Learned a level 3 spell: Mephitic Cloud
  4104 | D:5      | Noticed Grinder
  4113 | D:4      | Slain by Grinder

Illustrated notes

Levels and vault maps discovered:
D:1:      grunt_arrival_lava_bath, layout_basic, evilmike_ruin_ashenzari
D:2:      layout_rooms, gammafunk_temple_overflow_statue, minmay_pentomino_pile
D:3:      minmay_spotlight, layout_basic, lemuel_crystal_altar, uniq_natasha
D:4:      layout_basic, minmay_temple_entry_nine_rooms, uniq_edmund
D:5:      layout_loops_ring, uniq_sigmund, uniq_pikel, uniq_grinder

Skill      XL: |  1  2  3  4  5  6 |
---------------+-------------------+-----
Conjurations   | 2 3 4 5 |  5.3
Spellcasting   | 5 6 7 |  7.8
Dodging        | |  2.4
Stealth        | |  2.4
Summonings     | |  1.1
Translocations | |  1.1

Action                   |  1- 3 |  4- 6 || total
-------------------------+-------+-------++-------
Melee: Dagger            |     5 |    10 ||    15
 Cast: Magic Dart        |    66 |   108 ||   174
       Call Imp          |     8 |    26 ||    34
       Blink             |       |     3 ||     3
       Mephitic Cloud    |       |     1 ||     1
 Stab: Distracted        |     1 |       ||     1
Armor: Robe              |     2 |     4 ||     6
Dodge: Dodged            |     2 |    32 ||    34

Table legend: (Time is in decaauts)
 A = Elapsed time spent in this place.
 B = Non-inter-level travel time spent in this place.
 C = Inter-level travel time spent in this place.
 D = Time resting spent in this place.
 E = Time spent auto-exploring this place.
 F = Levels seen in this place.
 G = Mean time per level.
                   A        B        C        D        E       F      G
               +--------+--------+--------+--------+--------+-----+--------+
         Total |   4114 |   3958 |    156 |    732 |   2592 |   5 |  822.8 |
       Dungeon |   4114 |   3958 |    156 |    732 |   2592 |   5 |  822.8 |
               +--------+--------+--------+--------+--------+-----+--------+

Top non-repeatable levels by time:
     D:3: 1356 daAuts
     D:4: 1304 daAuts
     D:2: 802 daAuts
     D:1: 639 daAuts
     D:5: 12 daAuts
